 Dungeon Crawl Stone Soup version 0.32-a0-614-gd166fa89d2 (webtiles) character file.

Game seed: 7575421008416139015

8794 kae the Carver (level 11, -3/80 HPs)
             Began as a Coglin Gladiator on Mar 5, 2024.
             Was an Initiate of Ru.
             Slain by a yak (11 damage)
             ... on level 11 of the Dungeon.
             The game lasted 00:07:00 (9666 turns).

kae the Carver (Coglin Gladiator)                   Turns: 9666, Time: 00:07:01

Health: -3/80      AC: 10    Str: 14    XL:     11   Next: 36%
Magic:  11/11      EV: 15    Int:  9    God:    Ru [......]
Gold:   520        SH:  0    Dex: 23    Spells: 10/10 levels left

rFire   . . .        a - +2 long sword {Kenji}
rCold   . . .        v - +7 long sword "Spiderslayer" {vamp, rN+ Dex+4}
rNeg    + . .        b - +0 leather armour
rPois   .            c - +2 helmet
rElec   .            (no cloak)
rCorr   .            p - +2 pair of gloves
SInv    .            (no boots)
Will    .....        (amulet unavailable) Stlth
                     (ring unavailable)
HPRegen 0.33/turn    (ring unavailable)
MPRegen 0.12/turn    (no gizmo)

%: no passive effects
@: about to teleport, spiked, revved
A: no stealth, off-hand wielding, slow wielding, warmup strikes, no jewellery
a: Invent Gizmo, Renounce Religion


You were on level 11 of the Dungeon.
You worshipped Ru.
Ru was noncommittal.
You visited 1 branch of the dungeon, and saw 11 of its levels.

You collected 520 gold pieces.


Innate Abilities, Weirdness & Mutations

You cannot be stealthy.
You can wield a second weapon in your off-hand.
It takes a long time for you to wield or remove held weapons.
Your first few attacks do less damage.
You cannot equip rings or amulets.


   Skills:
 + Level 5.6 Fighting
 + Level 14.8 Long Blades
 - Level 1.7 Throwing
 + Level 4.7 Armour
 + Level 5.5 Dodging


You had 10 spell levels left.
You didn't know any spells.
Your spell library contained the following spells:

 Spells                   Type           Power      Damage    Failure   Level
 Cigotuvi's Dreadful Rot  Necr/Alch/Air  0%         N/A       58%         2
 Mercury Vapours          Alch/Air       0%         N/A       58%         2
 Call Canine Familiar     Summ           0%         N/A       83%         3
 Sigil of Binding         Hex            0%         N/A       83%         3
 Airstrike                Air            0%         2d(0-16)  99%         4
 Dimensional Bullseye     Hex/Tloc       0%         N/A       99%         4
 Summon Lightning Spire   Summ/Air       0%         N/A       99%         4
 Maxwell's Capacitive Co  Air            0%         ∞         100%        8

Inventory:

Hand Weapons
 a - a +2 long sword (weapon) {Kenji}
 h - a +1 dagger of holy wrath {Goro}
   (You took it off a goblin on level 1 of the Dungeon)
 v - the +7 long sword "Spiderslayer" (offhand) {vamp, rN+ Dex+4}
   (You found it on level 4 of the Dungeon)

   Dex+4:     It affects your dexterity (+4).
   rN+:       It protects you from negative energy.
Missiles
 d - 8 throwing nets (quivered) {=f!f}
 e - a javelin
 j - 4 curare-tipped darts {=f}
 m - 58 stones
 o - 5 atropa-tipped darts
 y - 8 poisoned darts
Armour
 b - a +0 leather armour (worn)
 c - a +2 helmet (worn)
 p - a +2 pair of gloves (worn)
   (You found it on level 4 of the Dungeon)
Magical Staves
 n - a staff of alchemy {!a}
   (You found it on level 1 of the Dungeon)
Jewellery
 R - a ring of resist corrosion
   (You found it on level 9 of the Dungeon)
Wands
 i - a wand of mindburst (18)
   (You found it on level 3 of the Dungeon)
 r - a wand of flame (67)
   (You found it on level 4 of the Dungeon)
 x - a wand of digging (4)
   (You found it on level 8 of the Dungeon)
Scrolls
 g - a scroll of vulnerability {!r!r}
 l - 7 scrolls of teleportation {@r4}
 q - a scroll of enchant armour
 t - 3 scrolls of identify {@r1}
 w - a scroll of poison {!r}
 z - a scroll of immolation {!r!r}
 B - 3 scrolls of brand weapon {unknown}
Potions
 f - 3 potions of attraction {!q}
 k - 5 potions of curing {@q1}
 s - 4 potions of lignification {!q}
 u - a potion of mutation {!q}
 A - a potion of heal wounds {@q2}

Dungeon Overview and Level Annotations

Branches:
Dungeon (10/15) Zot: 26901  Temple (0/1) D:5            Lair (0/5) D:10
    Orc (0/2) D:11

Altars:
Ashenzari
Cheibriados
Fedhas
Gozag
Makhleb
Qazlal
Ru
Sif Muna
Trog
Vehumet
Zin
The Shining One

Shops:
D:8 :

Portals:
Trove: D:10 (give 12 potions of heal wounds)

###.........
..#......... ....
..#........########..>
..#..................
..#..................
....########........
..................#
..........[.......# ..
)..........#....@.#....
...........#...YY.......
...........#...YYY......
...............†........
........................
........................
...........########.....
........... .....
........... ...


You could see 5 yaks.


Message History

A manticore comes into view.
You barely miss the howler monkey with the +7 long sword "Spiderslayer".
You slash the howler monkey with your +2 long sword!
The howler monkey hits you. 😕 HP[-5]
You take 5 damage, and now have 75/80 hp.
You closely miss the howler monkey with your +2 long sword.
You hit the howler monkey with the +7 long sword "Spiderslayer".
You feel better.
You kill the howler monkey!
The manticore flicks its tail.
The volley of spikes skewers you!
Barbed spikes become lodged in your body. 😕 HP[-7]
You take 7 damage, and now have 68/80 hp.
You barely miss the yak with the +7 long sword "Spiderslayer".
You slash the yak with your +2 long sword!
The manticore flicks its tail.
The volley of spikes misses you.
A yak comes into view.
The yak barely misses you.
The yak bellows!
You hit the yak but do no damage.
You hit the yak with the +7 long sword "Spiderslayer".
You hear a bellow! x2 😕 HP[+1]
You hit the yak but do no damage.
You barely miss the yak with the +7 long sword "Spiderslayer".
The manticore flicks its tail.
The volley of spikes skewers you!
More barbed spikes become lodged in your body.
A yak comes into view.
The yak gores you but does no damage.
You slash the yak with your +2 long sword!
You hit the yak but do no damage. The yak gores you but does no damage.
A yak comes into view. 😕 HP[-7]
You take 7 damage, and now have 62/80 hp.
You hit the yak with your +2 long sword.
You slash the yak with the +7 long sword "Spiderslayer"!
You feel better.
You kill the yak!
Okay, then. 😕 HP[+4]
You regained 4 hp, and now have 66/80 hp.
Okay, then.
Found a stone staircase leading down.
The barbed spikes dig painfully into your body as you move.
A yak comes into view.
The manticore flicks its tail.
The volley of spikes misses you. 😮 HP[-6]
You take 6 damage, and now have 60/80 hp.
The yak bellows!
The manticore flicks its tail.
The volley of spikes misses you.
A yak comes into view.
The manticore flicks its tail.
The volley of spikes skewers you!!
More barbed spikes become lodged in your body.
* * * LOW HITPOINT WARNING * * *
😨 HP[-20]
You take 20 damage, and now have 40/80 hp.
MASSIVE DAMAGE!! (PAUSE)
The barbed spikes dig painfully into your body as you move.
* * * LOW HITPOINT WARNING * * *
The manticore bites you!
* * * LOW HITPOINT WARNING * * *
The manticore claws you.
* * * LOW HITPOINT WARNING * * *
The manticore barely misses you.
You slash the manticore with the +7 long sword "Spiderslayer"!
You feel better.
You barely miss the manticore with your +2 long sword.
The manticore bites you!
* * * LOW HITPOINT WARNING * * *
The manticore closely misses you.
The manticore completely misses you. 😱 HP[-21]
You take 21 damage, and now have 19/80 hp.
MASSIVE DAMAGE!! (PAUSE)
You slash the manticore with your +2 long sword!
You completely miss the manticore with the +7 long sword "Spiderslayer".
The manticore misses you. The manticore completely misses you.
The manticore claws you but does no damage.
You slash the manticore with your +2 long sword!
You completely miss the manticore with the +7 long sword "Spiderslayer".
The yak barely misses you. 😱 HP[+1]
You barely miss the manticore with the +7 long sword "Spiderslayer".
You slash the manticore with your +2 long sword!
You kill the manticore!
Okay, then.
Okay, then.
As you read the scroll of teleportation {@r4}, it crumbles to dust.
You feel strangely unstable. The yak gores you!
* * * LOW HITPOINT WARNING * * *
The yak gores you!
You die...
Ru respects your ultimate sacrifice.

Skill      XL: |  1  2  3  4  5  6  7  8  9 10 11 |
---------------+----------------------------------+-----
Long Blades    | 4 5 6 7 9 11 13 14 | 14.8
Fighting       | 4 5 |  5.6
Armour         | 3 4 |  4.7
Dodging        | 4 5 |  5.5
Throwing       | |  1.7

Action                     |  1- 3 |  4- 6 |  7- 9 | 10-12 || total
---------------------------+-------+-------+-------+-------++-------
  Melee: Long sword        |    80 |   117 |   351 |   269 ||   817
         Dagger            |    74 |   100 |    29 |       ||   203
 Invoke: Sacrifice Stealth |       |       |     1 |       ||     1
         Reject Sacrifices |       |       |       |     1 ||     1
  Evoke: Wand              |       |     3 |       |       ||     3
    Use: Scroll            |     4 |     5 |    10 |     2 ||    21
         Potion            |       |       |     1 |     2 ||     3
   Stab: Sleeping          |     1 |     2 |       |       ||     3
         Distracted        |       |       |     2 |       ||     2
 Armour: Leather armour    |    55 |    70 |   196 |   100 ||   421
  Dodge: Dodged            |    53 |    54 |   159 |    77 ||   343

Levels and vault maps discovered:
D:1:      amcnicky_arrival_gap_in_the_tavern_cellar, layout_loops_ring,
          minmay_tree_intersection, skrybe_limestone_x, st_stairs_14
D:2:      layout_loops_corners, nicolae_eternal_life, minmay_circle_x
D:3:      layout_rooms, amcnicky_altar_gilded
D:4:      layout_loops_ring, grunt_temple_overflow_forces_of_nature,
          mainiacjoe_overflow_boulevard, mainiacjoe_overflow_surrounded_room,
          minmay_misc_feat_more_columns, kennysheep_pointless_box, uniq_ijyb
D:5:      layout_rooms, slow_altar_1, minmay_temple_entry_arrows,
          grunt_decor_resistance, serial_bayou_pond_e, grunt_ministairs_1,
          uniq_edmund, uniq_prince_ribbit1, uniq_sigmund, uniq_blork_the_orc
D:6:      layout_cave_pools, kennysheep_cross_room, lexackson_kobold_supper
D:7:      layout_cave_pools, chequers_temple_overflow_minitemple
D:8:      layout_basic, serial_shops, shop_fountains, uniq_maggie, uniq_psyche,
          uniq_gastronok
D:9:      corexii_shack_village, layout_basic, mainiacjoe_overflow_catwalk,
          hangedman_fish_farm
D:10:     layout_long_grid, kennysheep_little_box, erik_lair_dragon,
          enter_trove_3, grunt_ministairs_4, hangedman_decor_riveting,
          nicolae_water_bricks
D:11:     layout_grid_maze, david_orc_3, gauntlet_entry_generic,
          minmay_door_square, nrook_guardian_serpent_double, uniq_erolcha

Notes
Turn   | Place    | Note
-------+----------+-------------------------------------------
     0 | D:1      | kae the Coglin Gladiator began the quest for the Orb.
     0 | D:1      | Reached XP level 1. HP: 16/16 MP: 1/1
     0 | D:1      | magus.rc [v1.11.3]
    55 | D:1      | Reached XP level 2. HP: 22/22 MP: 2/2
   139 | D:1      | Reached skill level 4 in Long Blades
   222 | D:1      | Reached XP level 3. HP: 27/27 MP: 3/3
  1056 | D:2      | Reached XP level 4. HP: 33/33 MP: 4/4
  1477 | D:2      | Reached skill level 5 in Long Blades
  1477 | D:2      | HP: 7/33 [ribbon worm (5)]
  1956 | D:3      | Reached XP level 5. HP: 38/38 MP: 5/5
  1972 | D:3      | HP: 9/38 [orc/+0 club (2)]
  2101 | D:3      | Reached skill level 6 in Long Blades
  2206 | D:3      | Found a glowing silver altar of Zin.
  2572 | D:4      | Reached XP level 6. HP: 32/44 MP: 6/6
  2721 | D:4      | Found a sacrificial altar of Ru.
  2769 | D:4      | Reached skill level 7 in Long Blades
  2846 | D:4      | Reached XP level 7. HP: 34/50 MP: 7/7
  2970 | D:4      | Identified the +7 long sword "Spiderslayer" {vamp, rN+
                  | Dex+4}
  3193 | D:4      | Found a broken altar of Ashenzari.
  3214 | D:4      | Found a blossoming altar of Fedhas.
  3217 | D:4      | Found a stormy altar of Qazlal.
  3408 | D:4      | Noticed Ijyb
  3426 | D:4      | Killed Ijyb
  3427 | D:4      | Reached skill level 8 in Long Blades
  3551 | D:5      | Entered Level 5 of the Dungeon
  3552 | D:5      | Found a staircase to the Ecumenical Temple.
  3621 | D:5      | Noticed Prince Ribbit
  3626 | D:5      | Noticed Blork the orc
  3628 | D:5      | Killed Prince Ribbit
  3629 | D:5      | Reached skill level 9 in Long Blades
  3633 | D:5      | Reached XP level 8. HP: 54/56 MP: 8/8
  3634 | D:5      | Killed Blork the orc
  3838 | D:5      | Found a snail-covered altar of Cheibriados.
  3846 | D:5      | Noticed Sigmund
  3854 | D:5      | Killed Sigmund
  3855 | D:5      | Reached skill level 10 in Long Blades
  3954 | D:4      | Became a worshipper of Ru the Awakened
  4198 | D:5      | Noticed Edmund
  4213 | D:5      | Killed Edmund
  4214 | D:5      | Reached skill level 11 in Long Blades
  4447 | D:6      | Reached XP level 9. HP: 55/61 MP: 9/9
  4616 | D:6      | HP: 14/61 [gnoll/+0 spear[a gnoll bouda] (4)]
  4836 | D:6      | Reached skill level 12 in Long Blades
  5152 | D:6      | Gained mutation: You cannot be stealthy. [Ru sacrifice]
  5382 | D:7      | Noticed a troll
  5389 | D:7      | Killed a troll
  5446 | D:7      | Reached skill level 13 in Long Blades
  5677 | D:7      | Found a radiant altar of Vehumet.
  5677 | D:7      | Found a bloodstained altar of Trog.
  5685 | D:7      | Found a burning altar of Makhleb.
  5687 | D:7      | Found a glowing golden altar of the Shining One.
  5689 | D:7      | Found a shimmering blue altar of Sif Muna.
  5757 | D:7      | HP: 15/61 [poisoned by a killer bee]
  5762 | D:7      | HP: 10/61 [poisoned by a killer bee]
  6061 | D:8      | Noticed Maggie
  6069 | D:8      | Killed Maggie
  6070 | D:8      | HP: 11/61 [centaur/arrow (8)]
  6074 | D:8      | Reached XP level 10. HP: 45/67 MP: 10/10
  6288 | D:8      | Noticed Gastronok
  6304 | D:8      | Killed Gastronok
  6305 | D:8      | Reached skill level 14 in Long Blades
  6305 | D:8      | Reached skill level 3 in Fighting
  6305 | D:8      | Reached skill level 2 in Armour
  6305 | D:8      | Reached skill level 3 in Dodging
  6396 | D:8      | Found Tanai's Book Boutique.
  6461 | D:8      | Noticed Psyche
  6471 | D:8      | Killed Psyche
  7247 | D:9      | Reached skill level 4 in Dodging
  7579 | D:9      | You add the spells Mercury Vapours, Cigotuvi's Dreadful
                  | Rot, Airstrike, Summon Lightning Spire and Maxwell's
                  | Capacitive Coupling to your library.
  7579 | D:9      | Got the Almanac of the Birds
  7731 | D:9      | Found an opulent altar of Gozag.
  7745 | D:9      | You pick up a book of the Hunter and begin reading...
  7745 | D:9      | You add the spells Sigil of Binding, Call Canine Familiar
                  | and Dimensional Bullseye to your library.
  7932 | D:9      | Reached skill level 4 in Fighting
  7932 | D:9      | Reached skill level 3 in Armour
  8264 | D:10     | Entered Level 10 of the Dungeon
  8278 | D:10     | Killed an unseen horror
  8319 | D:10     | Noticed a kobold demonologist
  8323 | D:10     | Killed a kobold demonologist
  8420 | D:10     | Reached XP level 11. HP: 59/78 MP: 11/11
  8639 | D:10     | Reached skill level 5 in Fighting
  8639 | D:10     | Reached skill level 4 in Armour
  8639 | D:10     | Reached skill level 5 in Dodging
  8642 | D:10     | HP: 8/79 [komodo dragon (15)]
  8814 | D:10     | Found a staircase to the Lair.
  8962 | D:10     | Found a portal to a secret trove of treasure.
  8984 | D:10     | Noticed a red ugly thing
  8992 | D:10     | Killed a red ugly thing
  9560 | D:10     | You fall into a shaft and drop 1 floor!
  9585 | D:11     | Found a staircase to the Orcish Mines.
  9649 | D:11     | Noticed a manticore
  9661 | D:11     | HP: 20/80 [manticore (1)]
  9665 | D:11     | Killed a manticore
  9666 | D:11     | HP: 8/80 [yak (12)]
  9666 | D:11     | Slain by a yak

Vanquished Creatures
  Gastronok (D:8)
  An ugly thing (D:10)
  A manticore (D:11)
  An unseen horror (D:10)
  Maggie (D:8)
  A kobold demonologist (D:10)
  Psyche (D:8)
  A komodo dragon (D:10)
  A troll (D:7)
  A merfolk (D:9)
  Prince Ribbit (D:5)
  Sigmund (D:5)
  2 wraiths
  A wyvern (D:10)
  A shadow (D:10)
  A yak (D:11)
  3 basilisks (D:10)
  Edmund (D:5)
  A swamp drake (D:10)
  A sky beast (D:7)
  3 orc warriors
  An ogre (D:4)
  4 centaurs
  A kobold brigand (D:6)
  Blork the orc (D:5)
  4 phantoms
  4 bullfrogs
  A scorpion (D:5)
  4 wights (D:9)
  8 killer bees
  7 howler monkeys
  2 jellies
  4 bombardier beetles
  4 hounds
  4 orc priests
  A gnoll bouda (D:6)
  Ijyb (D:4)
  3 iguanas
  2 sleepcaps (D:4)
  9 orc wizards
  12 gnolls
  4 adders
  A shadow imp (D:6)
  3 white imps
  2 ufetubi (D:6)
  5 dart slugs
  2 ribbon worms
  36 orcs
  4 ball pythons
  10 endoplasms
  2 giant cockroaches (D:1)
  16 goblins
  5 hobgoblins
  2 jackals (D:4)
  15 kobolds
  3 quokkas
  8 bats
  9 frilled lizards
  9 rats
239 creatures vanquished.

Table legend:
 A = Non-vault XP
 B = Vault XP
 C = Vault XP percentage of total XP
 D = Non-vault monster count
 E = Vault monster count
 F = Vault count percentage of total count
                 A         B        C        D         E       F
            +---------+---------+-------+---------+---------+-------
      Total |    6568 |    5995 |  47.7 |     188 |      51 |  21.3
            +---------+---------+-------+---------+---------+-------
        D:1 |      59 |       1 |   1.7 |      34 |       1 |   2.9
        D:2 |      35 |      23 |  39.7 |      13 |       6 |  31.6
        D:3 |     192 |       0 |   0.0 |      25 |       0 |   0.0
        D:4 |     389 |      39 |   9.1 |      21 |       1 |   4.5
        D:5 |     439 |     945 |  68.3 |      15 |       7 |  31.8
        D:6 |     726 |     112 |  13.4 |      30 |       8 |  21.1
        D:7 |    1266 |       0 |   0.0 |      19 |       0 |   0.0
        D:8 |     349 |    2252 |  86.6 |       8 |       3 |  27.3
        D:9 |     960 |     329 |  25.5 |      15 |      13 |  46.4
       D:10 |    1152 |    2022 |  63.7 |       4 |       8 |  66.7
       D:11 |    1001 |     272 |  21.4 |       4 |       4 |  50.0
            +---------+---------+-------+---------+---------+-------

Skill      XL: |  1  2  3  4  5  6  7  8  9 10 11 |
---------------+----------------------------------+-----
Long Blades    | 4 5 6 7 9 11 13 14 | 14.8
Fighting       | 4 5 |  5.6
Armour         | 3 4 |  4.7
Dodging        | 4 5 |  5.5
Throwing       | |  1.7

Action                     |  1- 3 |  4- 6 |  7- 9 | 10-12 || total
---------------------------+-------+-------+-------+-------++-------
  Melee: Long sword        |    80 |   117 |   351 |   269 ||   817
         Dagger            |    74 |   100 |    29 |       ||   203
 Invoke: Sacrifice Stealth |       |       |     1 |       ||     1
         Reject Sacrifices |       |       |       |     1 ||     1
  Evoke: Wand              |       |     3 |       |       ||     3
    Use: Scroll            |     4 |     5 |    10 |     2 ||    21
         Potion            |       |       |     1 |     2 ||     3
   Stab: Sleeping          |     1 |     2 |       |       ||     3
         Distracted        |       |       |     2 |       ||     2
 Armour: Leather armour    |    55 |    70 |   196 |   100 ||   421
  Dodge: Dodged            |    53 |    54 |   159 |    77 ||   343

Illustrated notes

Table legend:
 A = Kills in this place as a percentage of kills in the entire game.
 B = Kills by you in this place as a percentage of kills by you in the entire game.
 C = Kills by friends in this place as a percentage of kills by friends in the entire game.
 D = Other kills in this place as a percentage of other kills in the entire game.
 E = Experience gained in this place as a percentage of experience gained in the entire game.
 F = Experience gained in this place divided by the number of levels of this place that you have seen.
                   A       B       C       D       E      F
               +-------+-------+-------+-------+-------+----------------------
         Total | 100.0 | 100.0 |   N/A |   N/A | 100.0 | 1142.1
       Dungeon | 100.0 | 100.0 |   N/A |   N/A | 100.0 | 1142.1
               +-------+-------+-------+-------+-------+----------------------

Table legend: (Time is in decaauts)
 A = Elapsed time spent in this place.
 B = Non-inter-level travel time spent in this place.
 C = Inter-level travel time spent in this place.
 D = Time resting spent in this place.
 E = Time spent auto-exploring this place.
 F = Levels seen in this place.
 G = Mean time per level.
                   A        B        C        D        E       F      G
               +--------+--------+--------+--------+--------+-----+--------+
         Total |   9584 |   9136 |    448 |    528 |   7242 |  11 |  871.3 |
       Dungeon |   9584 |   9136 |    448 |    528 |   7242 |  11 |  871.3 |
               +--------+--------+--------+--------+--------+-----+--------+

Top non-repeatable levels by time:
    D:10: 1278 daAuts
     D:9: 1104 daAuts
     D:2: 1094 daAuts
     D:8: 1076 daAuts
     D:4: 1067 daAuts
     D:6: 996 daAuts
     D:1: 818 daAuts
     D:5: 709 daAuts
     D:7: 687 daAuts
     D:3: 654 daAuts
    D:11: 97 daAuts
